cohdb
Replays
Latest Replays
All Replays
Popular Replays
Top Player Replays
Match Explorer
How It Works
Community
CoH3 Stats
Reddit
Sign in to upload your games and track your stats! →
Sign in with Steam
Match 43418183
Unlisted
Match 43418183
Overview
Messages
Build Orders
End
Construct Infanterie Kompanie
Pioneer Squad
Selects Mechanized Battlegroup
Grenadier Squad
MG 42 Machine Gun Team
Pioneer Squad
Grenadier Squad
Grenadier Squad
Construct Luftwaffe Kompanie
Ermac[Pointrunner]
Ghost
Symbiosis
CAuMOH
0
0
Comments
sign in to comment!
No comments posted yet!